 Dungeon Crawl Stone Soup version 0.28-a0-1404-g4df0f3684d (webtiles) character file.

Game seed: 15384381352303965144

21 zap2161 the Skirmisher (level 2, 0/27 HPs)
             Began as a Hill Orc Fighter on Jan 5, 2022.
             Slain by a ball python (3 damage)
             ... on level 1 of the Dungeon.
             The game lasted 00:04:53 (401 turns).

zap2161 the Skirmisher (Hill Orc Fighter)            Turns: 401, Time: 00:04:56

Health: 0/27       AC:  6    Str: 18    XL:     2   Next: 87%
Magic:  2/2        EV:  6    Int:  8    God:
Gold:   12         SH:  4    Dex: 10    Spells: 1/1 levels left

rFire   . . .      SeeInvis .   a - +0 war axe
rCold   . . .      Faith    .   c - +0 buckler
rNeg    . . .      Spirit   .   f - +0 scale mail
rPois   .          Reflect  .   (no helmet)
rElec   .          Harm     .   (no cloak)
rCorr   .          Rampage  .   (no gloves)
Will    .....                   (no boots)
Stlth   ..........              (no amulet)
HPRegen 0.09/turn               (no ring)
MPRegen 0.08/turn               (no ring)

@: constricted
A: no striking features
a: no special abilities


You were on level 1 of the Dungeon.
You visited 1 branch of the dungeon, and saw 1 of its levels.

You collected 12 gold pieces.

Inventory:

Hand Weapons
 a - a +0 war axe (weapon)
Missiles
 e - 23 stones (quivered)
 h - 15 bolts
Armour
 c - a +0 buckler (worn)
 f - a +0 scale mail (worn)
Scrolls
 b - a scroll of blinking {unknown}
 g - a scroll of enchant armour {unknown}
 j - a scroll of identify {unknown}
Potions
 d - a potion of might
 i - a potion of degeneration {unknown}


   Skills:
 * Level 4.0 Fighting
 * Level 3.1 Axes
 * Level 3.6 Armour
 * Level 3.5 Shields


You had one spell level left.
You didn't know any spells.
Your spell library was empty.

Dungeon Overview and Level Annotations

Branches:
Dungeon (1/15)

Altars:


Message History

The ball python bites you but does no damage.
The ball python constricts you.
The quokka bites you but does no damage.
Cleave: a) +0 war axe
Press: ? - help, Dir - move target, f/p - ball python
Aim: a ball python (heavily wounded, constricting you, about 48% to evade your +0 war axe)
You completely miss the ball python.
The ball python is heavily wounded.
You barely miss the quokka.
The ball python bites you but does no damage.
The ball python constricts you. The quokka bites you.
The ball python bites you. The ball python constricts you.
Cleave: a) +0 war axe
Press: ? - help, Dir - move target, f/p - ball python
Aim: a ball python (heavily wounded, constricting you, about 48% to evade your +0 war axe)
You barely miss the ball python.
The ball python is heavily wounded.
You hit the quokka. The quokka bites you.
The ball python bites you but does no damage.
The ball python constricts you. You block the quokka's attack.
The ball python bites you.
* * * LOW HITPOINT WARNING * * *
The ball python constricts you.
Cleave: a) +0 war axe
Press: ? - help, Dir - move target, f/p - ball python
Aim: a ball python (heavily wounded, constricting you, about 48% to evade your +0 war axe)
You barely miss the ball python.
The ball python is heavily wounded.
You barely miss the quokka. The quokka bites you.
* * * LOW HITPOINT WARNING * * *
The ball python bites you.
* * * LOW HITPOINT WARNING * * *
The ball python constricts you. You block the quokka's attack.
Cleave: a) +0 war axe
Press: ? - help, Dir - move target, f/p - ball python
Aim: a ball python (heavily wounded, constricting you, about 48% to evade your +0 war axe)
You closely miss the ball python.
The ball python is heavily wounded.
You hit the quokka but do no damage. The ball python bites you.
You die...

#...# ...# ...
#.# # ####.####
#. #.......#
#.#####.##.##.#
#.......##r##.#
#.......##@S..#
#.......#.......#
#.......#.##..#.#
#.....†.......# #
#......##....##
#......##..###
###†#####..#
##.## #...
#...#####


You could see a quokka and a ball python.

Vanquished Creatures
  2 dart slugs (D:1)
  2 giant cockroaches (D:1)
  2 goblins (D:1)
  A hobgoblin (D:1)
  A kobold (D:1)
  2 quokkas (D:1)
  2 ball pythons (D:1)
  2 bats (D:1)
  A rat (D:1)
15 creatures vanquished.

Notes
Turn   | Place    | Note
-------+----------+-------------------------------------------
     0 | D:1      | zap2161 the Hill Orc Fighter began the quest for the Orb.
     0 | D:1      | Reached XP level 1. HP: 19/19 MP: 1/1
   147 | D:1      | Reached XP level 2. HP: 27/27 MP: 2/2
   197 | D:1      | Reached skill level 4 in Fighting
   401 | D:1      | Slain by a ball python

Illustrated notes

Levels and vault maps discovered:
D:1:      eino_arrival_water_cross, layout_loops_cross, serial_aquarium,
          aquarium_bridge_straight [aquarium_subvault_bridge,
          aquarium_subvault_wall, aquarium_subvault_bridge,
          aquarium_subvault_wall], aquarium_bridge_square
          [aquarium_subvault_bridge, aquarium_subvault_window,
          aquarium_subvault_bridge, aquarium_subvault_bridge],
          aquarium_window_corner, aquarium_window_fake, aquarium_view_2c,
          aquarium_view_2e, aquarium_balcony_5b, minmay_tree_intersection,
          minmay_distorted

Skill      XL: |  1  2 |
---------------+-------+-----
Fighting       | 4 |  4.0
Axes           | 3 |  3.1
Armour         | |  3.6
Shields        | |  3.5

Action                   || total
-------------------------++-------
Melee: War axe           ||    54
Armor: Scale mail        ||    21
Dodge: Dodged            ||    24
Block: Buckler           ||     8

Table legend: (Time is in decaauts)
 A = Elapsed time spent in this place.
 B = Non-inter-level travel time spent in this place.
 C = Inter-level travel time spent in this place.
 D = Time resting spent in this place.
 E = Time spent auto-exploring this place.
 F = Levels seen in this place.
 G = Mean time per level.
                   A        B        C        D        E       F      G
               +--------+--------+--------+--------+--------+-----+--------+
         Total |    422 |    422 |      0 |      0 |      0 |   1 |  422.0 |
       Dungeon |    422 |    422 |      0 |      0 |      0 |   1 |  422.0 |
               +--------+--------+--------+--------+--------+-----+--------+

Top non-repeatable levels by time:
     D:1: 422 daAuts
